 Dungeon Crawl Stone Soup version 0.23-a0-629-gae4348f6cf (webtiles) character file.

25256 GordonOverkill the Basher (level 12, -4/106 HPs)
             Began as a Demigod Wanderer on Dec 26, 2018.
             Slain by a six-headed hydra (6 damage)
             ... on level 3 of the Lair of Beasts.
             The game lasted 00:24:45 (17096 turns).

GordonOverkill the Basher (Demigod Wanderer)       Turns: 17096, Time: 00:24:45

Health: -4/106     AC: 21    Str: 24    XL:     12   Next: 52%
Magic:  28/28      EV:  6    Int: 20    God:
Gold:   451        SH:  5    Dex: 18    Spells: 11/11 levels left

rFire    . . .     SeeInvis .   b - +1 hand axe (flame)
rCold    . . .     Gourm    +   R - +0 buckler
rNeg     . . .     Faith    .   F - +0 plate armour
rPois    +         Spirit   .   O - +3 hat of Pondering {ponderous, MR+ MP+10 Int+5}
rElec    .         Reflect  .   P - +2 cloak
rCorr    .         Harm     .   Q - +2 pair of gloves
MR       ++...                  (no boots)
Stlth    ..........             o - amulet of the gourmand
HPRegen  0.27/turn              m - +3 ring of dexterity
MPRegen  0.21/turn              I - ring of poison resistance

@: slow
A: high mp 1
a: no special abilities


You were on level 3 of the Lair of Beasts.
You were not hungry.

You visited 2 branches of the dungeon, and saw 15 of its levels.
You also visited: Sewer.

You collected 1067 gold pieces.
You spent 616 gold pieces at shops.

Inventory:

Hand Weapons
 a - a +1 war axe of electrocution
 b - a +1 hand axe of flaming (weapon)
 w - a +2 blowgun
 N - a +1 mace of distortion
Missiles
 c - 3 curare-tipped needles
 s - 41 poisoned needles
 y - 7 needles of confusion
 C - 2 throwing nets (quivered)
 T - 54 bolts
Armour
 F - a +0 plate armour (worn)
 O - the +3 hat of Pondering (worn) {ponderous, MR+ MP+10 Int+5}
   (You took it off Gastronok on level 8 of the Dungeon)

   It affects your intelligence (+5).
   It affects your resistance to hostile enchantments.
   It affects your magic capacity (+10).
 P - a +2 cloak (worn)
 Q - a +2 pair of gloves (worn)
 R - a +0 buckler (worn)
 X - +0 fire dragon scales
Jewellery
 m - a +3 ring of dexterity (left hand)
 o - an amulet of the gourmand (around neck)
 I - a ring of poison resistance (right hand)
 J - an uncursed ring of positive energy
Wands
 d - a wand of flame (26)
 f - a wand of disintegration (13)
 k - a wand of acid (2)
 p - a wand of paralysis (20)
 t - a wand of iceblast (9)
 z - a wand of random effects (76)
 S - a wand of scattershot (3)
 V - a wand of digging (5)
Scrolls
 i - 6 scrolls of identify
 j - 7 scrolls of teleportation
 A - 4 scrolls of remove curse
 D - a scroll of silence
 E - a scroll of fog
 G - a scroll of immolation
 H - 3 scrolls of amnesia
 K - a scroll of summoning
 L - a scroll of magic mapping
Potions
 e - 3 potions of lignification
 h - 3 potions of magic
 l - 2 potions of haste
 n - 5 potions of heal wounds
 q - 4 potions of flight
 r - 7 potions of curing
 u - 3 potions of mutation
 v - a potion of invisibility
 x - 4 potions of brilliance
 B - a potion of agility
 M - 2 potions of cancellation
 U - a potion of ambrosia
Comestibles
 g - 34 rations


   Skills:
 - Level 10.0 Fighting
   Level 1.0 Short Blades
 + Level 9.0(12.2) Axes
 * Level 13.3(14.2) Maces & Flails
 - Level 1.7 Throwing
 - Level 5.0 Armour
 - Level 4.0 Shields
 - Level 4.0 Evocations


You had 11 spell levels left.
You didn't know any spells.
Your spell library contained the following spells:

 Spells                   Type           Power        Failure   Level  Hunger
 Animate Skeleton         Necr           N/A          96%         1    ##.....
 Apportation              Tloc           #.....       96%         1    ##.....
 Confusing Touch          Hex            #.....       96%         1    ##.....
 Corona                   Hex            #......      96%         1    ##.....
 Magic Dart               Conj           #...         96%         1    ##.....
 Pain                     Necr           #...         96%         1    ##.....
 Summon Butterflies       Summ           #.......     96%         1    ##.....
 Summon Small Mammal      Summ           #...         96%         1    ##.....
 Blink                    Tloc           N/A          99%         2    ###....
 Call Imp                 Summ           #.......     99%         2    ###....
 Ensorcelled Hibernation  Hex/Ice        #.....       99%         2    ###....
 Slow                     Hex            #.......     99%         2    ###....
 Call Canine Familiar     Summ           #.......     100%        3    ####...
 Confuse                  Hex            #.......     100%        3    ####...
 Conjure Flame            Conj/Fire      #.......     100%        3    ####...
 Dazzling Spray           Conj/Hex       #.....       100%        3    ####...
 Lesser Beckoning         Tloc           #.........   100%        3    ####...
 Mephitic Cloud           Conj/Pois/Air  #.......     100%        3    ####...
 Regeneration             Chrm/Necr      #.........   100%        3    ####...
 Summon Guardian Golem    Hex/Summ       #.......     100%        3    ####...
 Tukima's Dance           Hex            #.......     100%        3    ####...
 Vampiric Draining        Necr           #.........   100%        3    ####...
 Animate Dead             Necr           N/A          100%        4    #####..
 Summon Ice Beast         Ice/Summ       #.......     100%        4    #####..
 Summon Lightning Spire   Summ/Air       #.......     100%        4    #####..
 Alistair's Intoxication  Tmut/Pois      #.......     100%        5    ######.
 Invisibility             Hex            #.......     100%        6    #######


Dungeon Overview and Level Annotations

Branches:
Dungeon (11/15)            Temple (0/1) D:5            Lair (4/6) D:10
  Swamp: Lair:2-4    Shoals: Lair:2-4     Snake: Lair:2-4    Spider: Lair:2-4
    Orc: D:9-12

Shops:
D:5 ?   D:10 *

Annotations:
D:3 3 runed doors, lis82's ghost, amateur DgFi
D:9 3 runed doors, Scypier's ghost, novice TrHu
Lair:3 2 transporters


Innate Abilities, Weirdness & Mutations

You have an increased reservoir of magic. (+10% MP)


Message History

You block the six-headed hydra's attack.
The six-headed hydra bites you but does no damage.
The six-headed hydra bites you.
* * * LOW HITPOINT WARNING * * *
The six-headed hydra bites you!
* * * LOW HITPOINT WARNING * * *
The six-headed hydra bites you but does no damage.
Okay, then.
The six-headed hydra bites you but does no damage.
You block the six-headed hydra's attack.
The six-headed hydra bites you but does no damage. x2
The six-headed hydra bites you.
* * * LOW HITPOINT WARNING * * *
The six-headed hydra bites you but does no damage.
Unknown command.
Okay, then.
The six-headed hydra bites you.
* * * LOW HITPOINT WARNING * * *
The six-headed hydra bites you.
You die...

...........#...P##.P.........#
P##.####...###.##.##.........#
####.###...........#.........#
......##..........##.........#
......##...##......#........####+
......##...#......##........#.§§.
......#...........##........#§§..
#..##.##....#P..####........#§§..
..#####....#..P#@###........#§§§[
.................D..........#§../
............................#####
.................................
.................................
................<................
.................................
..........#.#..#.###.............
.##.#......###..###P.............


You could see a six-headed hydra.

Vanquished Creatures
  Gastronok (D:8)
  6 hydras
  2 two-headed ogres (D:10)
  A centaur warrior (D:10)
  An oklob plant (Lair:2)
  Maurice (D:10)
  A centaur zombie (D:11)
  A black mamba (Lair:1)
  Joseph (D:8)
  4 gargoyles
  6 spiny frogs
  3 komodo dragons
  Grinder (D:5)
  Prince Ribbit (D:8)
  2 dream sheep (D:9)
  2 hippogriffs
  A vampire (D:11)
  17 yaks
  Eustachio (D:5)
  3 basilisks
  3 hungry ghosts
  2 water moccasins
  7 porcupines
  2 sky beasts
  2 ice beasts
  3 black bears
  5 ogres
  5 orc warriors
  2 necrophages
  2 wolves (D:10)
  9 crocodiles
  2 centaurs
  5 big kobolds
  A gnoll sergeant (D:9)
  10 bullfrogs
  A water moccasin zombie (D:7)
  A wyvern skeleton (D:11)
  3 scorpions
  16 killer bees
  A water moccasin skeleton (D:7)
  3 electric eels
  A howler monkey (D:6)
  3 wights (D:6)
  A spectral bullfrog (D:11)
  5 crimson imps
  7 orc priests
  A bullfrog skeleton (D:9)
  7 hounds
  3 jellies
  9 orc wizards
  4 iguanas
  9 worker ants
  A killer bee zombie (D:8)
  2 hound skeletons
  A hound zombie (D:10)
  5 gnolls
  3 worker ant zombies
  2 river rats (Sewer)
  11 adders
  A howler monkey skeleton (D:4)
  2 shadow imps
  3 oozes
  An adder zombie (D:6)
  An adder skeleton (D:8)
  5 worms
  8 leopard geckos
  15 orcs
  4 ball pythons
  6 giant cockroaches
  5 goblins
  6 hobgoblins
  28 jackals
  5 quokkas
  8 bats
  4 frilled lizards
  12 kobolds
  A leopard gecko skeleton (D:3)
  A quokka zombie (D:9)
  12 rats
  A fungus (D:10)
  2 plants (Lair:2)
347 creatures vanquished.

Vanquished Creatures (others)
  2 fungi (D:3)
  5 plants
7 creatures vanquished.

Grand Total: 354 creatures vanquished

Notes
Turn   | Place    | Note
-------+----------+-------------------------------------------
     0 | D:1      | GordonOverkill the Demigod Wanderer began the quest for the
                  | Orb.
     0 | D:1      | GordonOverkill set off with the following items: 3
                  | curare-tipped needles, a +2 blowgun, a +0 hand crossbow, 25
                  | bolts, a potion of lignification, a +0 robe, a ration
     0 | D:1      | Reached XP level 1. HP: 19/19 MP: 3/3
   260 | D:1      | Reached XP level 2. HP: 27/27 MP: 4/4
   753 | D:2      | Reached XP level 3. HP: 33/33 MP: 5/5
  1415 | D:2      | Reached XP level 4. HP: 41/41 MP: 6/6
  1522 | D:2      | Found a glowing golden altar of the Shining One.
  1797 | D:3      | Found a white marble altar of Elyvilon.
  1800 | D:3      | Found a basalt altar of Yredelemnul.
  1817 | D:3      | Found a runed gate.
  1818 | D:3      | Noticed lis82's ghost (amateur DgFi)
  1819 | D:3      | Found a runed gate.
  1819 | D:3      | Found a runed gate.
  1823 | D:3      | Noticed a big kobold
  1829 | D:3      | Found a glowing drain.
  1890 | Sewer    | Entered a sewer
  2024 | Sewer    | Noticed a big kobold
  2049 | Sewer    | Killed a big kobold
  2049 | Sewer    | Reached skill level 5 in Fighting
  2049 | Sewer    | Reached XP level 5. HP: 44/48 MP: 7/7
  2125 | Sewer    | Found a white marble altar of Elyvilon.
  2193 | D:3      | Reached skill level 1 in Maces & Flails
  3000 | D:4      | Reached XP level 6. HP: 53/56 MP: 8/8
  3119 | D:4      | Found a hazy altar of Hepliaklqana.
  3146 | D:4      | Reached skill level 2 in Maces & Flails
  3680 | D:4      | Found Zin's Purification Station.
  3683 | D:4      | Found a glowing silver altar of Zin.
  3691 | D:4      | Bought a potion of curing for 90 gold pieces
  3784 | D:4      | Found a snail-covered altar of Cheibriados.
  3819 | D:4      | Reached skill level 3 in Maces & Flails
  4134 | D:5      | Entered Level 5 of the Dungeon
  4134 | D:5      | Noticed Grinder
  4146 | D:5      | Paralysed by Grinder for 2 turns
  4163 | D:5      | Killed Grinder
  4163 | D:5      | Reached XP level 7. HP: 49/62 MP: 9/9
  4312 | D:5      | Found a radiant altar of Vehumet.
  4336 | D:5      | Noticed Eustachio
  4349 | D:5      | Killed Eustachio
  4349 | D:5      | Reached skill level 4 in Maces & Flails
  4357 | D:5      | Found Komninn's Magic Scroll Emporium.
  4376 | D:5      | Bought a scroll of enchant armour for 82 gold pieces
  4376 | D:5      | Bought a scroll of silence for 82 gold pieces
  4376 | D:5      | Bought a scroll of remove curse for 33 gold pieces
  4376 | D:5      | Bought a scroll of fog for 22 gold pieces
  4662 | D:5      | Found a staircase to the Ecumenical Temple.
  4971 | D:5      | Reached skill level 5 in Armour
  5175 | D:6      | Reached skill level 5 in Maces & Flails
  5175 | D:6      | Reached XP level 8. HP: 62/71 MP: 10/10
  5581 | D:6      | Reached skill level 6 in Maces & Flails
  6325 | D:7      | Reached skill level 7 in Maces & Flails
  7171 | D:6      | Reached XP level 9. HP: 26/79 MP: 11/11
  7548 | D:7      | Found a burning altar of Makhleb.
  7551 | D:7      | Found a shimmering altar of Xom.
  7852 | D:8      | Reached skill level 8 in Maces & Flails
  7967 | D:8      | Noticed Prince Ribbit
  7993 | D:8      | Killed Prince Ribbit
  8102 | D:8      | Noticed Joseph
  8128 | D:8      | Killed Joseph
  8128 | D:8      | Reached skill level 1 in Evocations
  8345 | D:8      | Reached skill level 9 in Maces & Flails
  8635 | D:8      | Found an iron altar of Okawaru.
  8701 | D:8      | Noticed Gastronok
  8717 | D:8      | Killed Gastronok
  8717 | D:8      | Reached XP level 10. HP: 90/90 MP: 13/15
  9006 | D:9      | Reached skill level 10 in Maces & Flails
  9307 | D:9      | Noticed a three-headed hydra
  9311 | D:9      | Killed a one-headed hydra
  9311 | D:9      | Reached skill level 11 in Maces & Flails
  9371 | D:9      | Found a blossoming altar of Fedhas.
  9865 | D:9      | Found a runed gate.
  9866 | D:9      | Found a runed gate.
  9866 | D:9      | Found a runed gate.
  9868 | D:9      | Noticed Scypier's ghost (novice TrHu)
 10003 | D:10     | Entered Level 10 of the Dungeon
 10003 | D:10     | Noticed Maurice
 10009 | D:10     | Killed Maurice
 10035 | D:10     | Noticed a two-headed ogre
 10037 | D:10     | Noticed a two-headed ogre
 10049 | D:10     | Killed a two-headed ogre
 10049 | D:10     | Reached skill level 1 in Shields
 10049 | D:10     | Reached XP level 11. HP: 64/99 MP: 16/16
 10055 | D:10     | Killed a two-headed ogre
 10055 | D:10     | Reached skill level 10 in Fighting
 10559 | D:10     | Found Eroinu Buena's General Store.
 10569 | D:10     | Bought a scroll of summoning for 142 gold pieces
 10569 | D:10     | Bought a potion of curing for 45 gold pieces
 10569 | D:10     | Bought a potion of cancellation for 120 gold pieces
 10797 | D:10     | Noticed a centaur warrior
 10802 | D:10     | Killed a centaur warrior
 11159 | D:10     | Found a staircase to the Lair.
 11178 | D:10     | Reached skill level 5 in Axes
 11747 | D:11     | Noticed a six-headed hydra
 11762 | D:11     | Killed a one-headed hydra
 12632 | D:11     | Noticed a four-headed hydra
 12644 | D:11     | Killed a one-headed hydra
 13211 | Lair:1   | Entered Level 1 of the Lair of Beasts
 13329 | Lair:1   | Reached skill level 12 in Maces & Flails
 13781 | Lair:1   | Noticed an eight-headed hydra
 13798 | Lair:1   | Killed a one-headed hydra
 13798 | Lair:1   | Reached XP level 12. HP: 49/106 MP: 18/18
 14013 | Lair:1   | You fall through a shaft!
 15154 | Lair:2   | Noticed an eight-headed hydra
 15171 | Lair:2   | Killed a one-headed hydra
 15367 | Lair:2   | Reached skill level 13 in Maces & Flails
 15552 | Lair:2   | Noticed a four-headed hydra
 16061 | Lair:2   | Killed a one-headed hydra
 16591 | Lair:3   | You fall through a shaft!
 16739 | Lair:3   | Found a transporter.
 17038 | Lair:3   | Found a transporter.
 17043 | Lair:3   | Noticed an eight-headed hydra
 17088 | Lair:3   | HP: 3/106 [six-headed hydra (6)]
 17096 | Lair:3   | HP: 2/106 [six-headed hydra (3)]
 17096 | Lair:3   | Slain by a six-headed hydra

Vault maps used:
D:1:      dpeg_arrival_short_road, kennysheep_another_room, minmay_pentomino_z4
D:2:      lemuel_coloured_pillars_altar
D:3:      nicolae_overflow_hidden_temple, gammafunk_ghost_nasty_kobolds,
          cheibrodos_sewer_entry_drain
D:4:      cheibriados_altar_1, zin_purify, overflow_temple_1_default,
          first_ration
D:5:      vehumet_crystals, minmay_temple_entry_antechambers, serial_shops,
          shop_coins, dk_noncrumbling_2, uniq_grinder, uniq_eustachio
D:7:      grunt_temple_overflow_champion_of_chaos, minmay_misc_feat_diagonals,
          hangedman_decor_opposing
D:8:      okawaru_metal_pillars_1_2, uniq_gastronok, uniq_prince_ribbit1,
          uniq_joseph
D:9:      gammafunk_ghost_spectres, hangedman_ranch, fedhas_altar_fruit_tree
D:10:     minmay_lair_entry_grove, serial_shops, shop, uniq_maurice
D:11:     hangedman_weighted_door
Lair:1:   serial_bayou_ford_a, st_stairs_9
Lair:2:   serial_bayou_pond_a, grunt_megastairs_3, lemuel_fruit_tree,
          minmay_lair_oklob_chamber
Lair:3:   gammafunk_cloud_chamber, serial_bayou_shore_a
Lair:4:   minmay_shoals_entry_lonely_mermaid, spider_nest_entry_web_field,
          serial_bayou_shore_b, uniq_snorg
Sewer:    sewer_kobolds

Skill      XL: |  1  2  3  4  5  6  7  8  9 10 11 12 |
---------------+-------------------------------------+-----
Fighting       | 4 5 6 7 8 9 10 | 10.0
Armour         | 2 3 4 5 |  5.0
Maces & Flails | 1 3 5 7 9 11 12 13 | 13.3
Evocations     | 3 4 |  4.0
Axes           | 2 7 9 |  9.0
Shields        | 1 4 |  4.0
Short Blades   | |  1.0
Throwing       | |  1.7

Action                   |  1- 3 |  4- 6 |  7- 9 | 10-12 || total
-------------------------+-------+-------+-------+-------++-------
Melee: Whip              |       |    63 |   321 |   169 ||   553
       War axe           |       |       |       |   438 ||   438
       Hand axe          |       |       |       |    65 ||    65
 Fire: Hand crossbow     |   102 |   129 |    30 |       ||   261
Throw: Throwing net      |       |       |       |     1 ||     1
Evoke: Wand              |       |       |       |     2 ||     2
  Use: Scroll            |     4 |     8 |    11 |     4 ||    27
       Potion            |       |       |     2 |       ||     2
 Stab: Held in net/web   |       |       |       |     2 ||     2
  Eat: Chunk             |    14 |     9 |    11 |    48 ||    82
       Ration            |       |       |       |     1 ||     1
Armor: Robe              |     3 |       |       |       ||     3
       Chain mail        |    22 |    63 |    54 |       ||   139
       Plate armour      |       |       |   113 |   471 ||   584
Dodge: Dodged            |    12 |    43 |    80 |   163 ||   298
Block: Buckler           |       |       |       |   110 ||   110

Table legend:
 A = Non-vault XP
 B = Vault XP
 C = Vault XP percentage of total XP
 D = Non-vault monster count
 E = Vault monster count
 F = Vault count percentage of total count
                 A         B        C        D         E       F
            +---------+---------+-------+---------+---------+-------
      Total |   26014 |   10066 |  27.9 |     290 |      54 |  15.7
            +---------+---------+-------+---------+---------+-------
        D:1 |      26 |       4 |  13.3 |      14 |       3 |  17.6
        D:2 |     113 |       0 |   0.0 |      32 |       0 |   0.0
        D:3 |     138 |       4 |   2.8 |      28 |       3 |   9.7
        D:4 |     412 |       0 |   0.0 |      16 |       0 |   0.0
        D:5 |     313 |     474 |  60.2 |      20 |       2 |   9.1
        D:6 |    1260 |       0 |   0.0 |      29 |       0 |   0.0
        D:7 |     633 |      48 |   7.0 |      14 |       1 |   6.7
        D:8 |    1116 |    2869 |  72.0 |      17 |       3 |  15.0
        D:9 |    1861 |    2169 |  53.8 |      36 |       8 |  18.2
       D:10 |    4984 |    2096 |  29.6 |      20 |      14 |  41.2
       D:11 |    3919 |     646 |  14.2 |      20 |       5 |  20.0
     Lair:1 |    4389 |    1046 |  19.2 |      17 |       3 |  15.0
     Lair:2 |    5890 |     572 |   8.9 |      23 |       1 |   4.2
     Lair:3 |     960 |       0 |   0.0 |       4 |       0 |   0.0
      Sewer |       0 |     138 | 100.0 |       0 |      11 | 100.0
            +---------+---------+-------+---------+---------+-------
